 Dungeon Crawl Stone Soup version 0.28-a0-1227-ga9037bb4c8 (webtiles) character file.

Game seed: 3191889935195151002

5406 ragingrage the Fighter (level 10, -3/107 HPs)
             Began as an Ogre Fire Elementalist on Dec 22, 2021.
             Succumbed to barbed spike wounds
             ... on level 13 of the Dungeon.
             The game lasted 00:14:57 (12753 turns).

ragingrage the Fighter (Ogre Fire Elementalist)    Turns: 12753, Time: 00:14:58

Health: -3/107     AC: 15    Str: 12    XL:     10   Next: 67%
Magic:  5/22       EV:  8    Int: 20    God:
Gold:   258        SH:  0    Dex:  9    Spells: 15/25 levels left

rFire   + . .      SeeInvis .   m - +2 dagger (venom)
rCold   x . .      Faith    .   (no shield)
rNeg    . . .      Spirit   .   w - quicksilver dragon scales
rPois   +          Reflect  .   l - +2 hat
rElec   .          Harm     .   h - +0 cloak
rCorr   .          Rampage  .   (gloves unavailable)
Will    ++...                   (boots unavailable)
Stlth   +.........              (no amulet)
HPRegen 0.27/turn               o - ring of fire
MPRegen 0.18/turn               x - ring of poison resistance

@: spiked, very slightly contaminated
A: large, unfitting armour, tough skin 1, fangs 1, weak 1
a: no special abilities


You were on level 13 of the Dungeon.
You visited 2 branches of the dungeon, and saw 12 of its levels.

You collected 588 gold pieces.
You spent 330 gold pieces at shops.

Inventory:

Hand Weapons
 m - a +2 dagger of venom (weapon)
Missiles
 b - 4 throwing nets
 s - 5 silver javelins
Armour
 h - a +0 cloak (worn)
 l - a +2 hat (worn)
 w - quicksilver dragon scales (worn)
 F - a +0 kite shield
Jewellery
 o - a ring of fire (left hand)
 x - a ring of poison resistance (right hand)
 y - a +4 ring of evasion
 z - a ring of magical power
Wands
 p - a wand of flame (19)
Scrolls
 e - 7 scrolls of identify
 f - 7 scrolls of teleportation
 g - 2 scrolls of silence {unknown}
 k - a scroll of enchant weapon {unknown}
 n - 3 scrolls of fog
 q - a scroll of amnesia {unknown}
 t - a scroll of blinking {unknown}
 u - 2 scrolls of enchant armour {unknown}
 A - a scroll of brand weapon {unknown}
 B - 2 scrolls of fear {unknown}
Potions
 c - 4 potions of mutation
 d - a potion of attraction
 i - a potion of degeneration
 j - 2 potions of lignification
 r - 2 potions of curing {unknown}
 v - 2 potions of heal wounds
 C - a potion of haste
 D - a potion of magic
 E - a potion of brilliance


   Skills:
 + Level 9.2 Fighting
 - Level 0.1 Maces & Flails
 + Level 4.6 Armour
 - Level 1.7 Dodging
 - Level 1.4 Stealth
 + Level 8.3 Spellcasting
 + Level 6.6 Conjurations
 + Level 7.2 Fire Magic


You had 15 spell levels left.
You knew the following spells:

 Your Spells              Type           Power      Damage    Failure   Level
a - Foxfire               Conj/Fire      100%       2x1d9     1%          1
b - Scorch                Fire           100%       2d10      1%          2
c - Flame Wave            Conj/Fire      52%        2d9       10%         4
d - Conjure Flame         Conj/Fire      52%        6-21      3%          3

Your spell library contained the following spells:

 Spells                   Type           Power      Damage    Failure   Level
 Inner Flame              Hex/Fire       34%        N/A       12%         3
 Animate Skeleton         Necr           16%        N/A       17%         1
 Pain                     Necr           32%        1d5       17%         1
 Hailstorm                Conj/Ice       21%        3d6       41%         4
 Vampiric Draining        Necr           8%         2d6       45%         3
 Ice Form                 Ice/Tmut       8%         N/A       86%         4
 Simulacrum               Ice/Necr       4%         N/A       100%        6


Dungeon Overview and Level Annotations

Branches:
Dungeon (13/15)            Temple (1/1) D:4
   Lair: D:8-11         Orc: D:9-12      Vaults: D:13-14

Altars:
Ashenzari
Cheibriados
Dithmenos
Elyvilon
Fedhas
Gozag
Hepliaklqana
Kikubaaqudgha
Makhleb
Nemelex Xobeh
Ru
Sif Muna
Trog
Uskayaw
Vehumet
Wu Jian
Xom
Yredelemnul
Zin
The Shining One

Shops:
D:5 (   D:8 !

Annotations:
D:4 exclusion: downstairs
D:5 3 runed translucent doors, Blork the orc; ytrimaz's ghost, novice OpTm
D:8 exclusion: ice statue


Innate Abilities, Weirdness & Mutations

You are too large for most types of armour.
You have tough skin. (AC +1)
You have very sharp teeth.
You are weak. (Str -2)


Message History

The slime creature is moderately wounded.
The flame wave engulfs the slime creature!
The slime creature is heavily wounded.
The enormous slime creature is no longer more vulnerable to fire.
A wave of flame ripples out!
The flame wave engulfs the enormous slime creature!
The enormous slime creature is heavily wounded.
The flame wave engulfs the slime creature!
The slime creature is severely wounded.
The flame wave engulfs the slime creature!
The slime creature is heavily wounded.
You finish channelling waves of flame.
The slime creature hits you but does no damage.
A manticore comes into view.
The enormous slime creature hits you!!!
Ouch! That really hurt!
The slime creature hits you but does no damage.
Unknown command.
Casting: Flame Wave (dangerous; 10% risk of failure)
Confirm with . or Enter, or press ? or * to list all spells.
Casting: Flame Wave (dangerous; 10% risk of failure)
Press: ? - help, Dir - look around, f - activate You feel a surge of power!
You miscast Flame Wave.
You are very lightly contaminated with residual magic.
Nothing appears to happen.
The manticore flicks its tail.
The volley of spikes hits you!
The barbed spikes become lodged in your body.
* * * LOW HITPOINT WARNING * * *
The slime creature closely misses you. The enormous slime creature hits you.
* * * LOW HITPOINT WARNING * * *
The slime creature hits you but does no damage.
The barbs in your skin will harm you if you move.
Continue?
The slime creature hits you.
* * * LOW HITPOINT WARNING * * *
The enormous slime creature hits you but does no damage.
The slime creature hits you!
* * * LOW HITPOINT WARNING * * *
The barbed spikes dig painfully into your body as you move.
You die...

.. .. ... ...
.... ....
....#######H...
...............
...............
......J........
......J@.......
......J........
...............
...............
##.............
############..
.


You could see an enormous slime creature, 2 slime creatures and a manticore.

Vanquished Creatures
  An ugly thing (D:12)
  6 yaks (D:8)
  4 steam dragons
  Menkaure (D:7)
  Edmund (D:5)
  4 water moccasins
  A sky beast (D:6)
  An ice beast (D:5)
  3 orc warriors
  2 ogres
  A centaur (D:8)
  A phantom (D:3)
  2 bullfrogs
  A gnoll sergeant (D:9)
  A wyvern zombie (D:7)
  A scorpion (D:5)
  A wyvern skeleton (D:7)
  13 killer bees
  4 howler monkeys
  2 jellies
  A bullfrog zombie (D:6)
  5 hounds
  6 orc priests
  3 gnoll shamans
  A bullfrog skeleton (D:4)
  An iguana (D:7)
  6 orc wizards
  A hound skeleton (D:2)
  13 gnolls
  6 adders
  2 shadow imps
  3 white imps (D:7)
  An ufetubus (D:5)
  An adder skeleton (D:4)
  2 worms (D:3)
  11 dart slugs
  21 orcs
  7 ball pythons
  4 endoplasms
  6 giant cockroaches
  6 goblins
  13 hobgoblins
  9 jackals
  11 quokkas
  7 bats
  2 frilled lizards
  7 kobolds
  6 rats
213 creatures vanquished.

Vanquished Creatures (collateral kills)
  A foxfire (D:9)
1 creature vanquished.

Vanquished Creatures (others)
  A human (D:4)
  753 foxfires
  A plant (D:2)
755 creatures vanquished.

Grand Total: 969 creatures vanquished

Notes
Turn   | Place    | Note
-------+----------+-------------------------------------------
     0 | D:1      | ragingrage the Ogre Fire Elementalist began the quest for
                  | the Orb.
     0 | D:1      | Reached XP level 1. HP: 16/16 MP: 3/3
   113 | D:1      | Reached skill level 1 in Conjurations
   168 | D:1      | Reached XP level 2. HP: 24/24 MP: 0/5
   705 | D:1      | Reached XP level 3. HP: 31/31 MP: 7/7
  1305 | D:2      | Reached skill level 1 in Fighting
  1468 | D:2      | Found a shadowy altar of Dithmenos.
  1490 | D:2      | Found a faded altar of an unknown god.
  1640 | D:2      | Reached XP level 4. HP: 27/41 MP: 5/8
  2721 | D:3      | Reached XP level 5. HP: 43/49 MP: 4/10
  2796 | D:3      | Reached skill level 2 in Fighting
  2811 | D:3      | Noticed a phantom
  2825 | D:3      | Killed a phantom
  2923 | D:3      | Reached XP level 6. HP: 59/59 MP: 9/12
  3012 | D:3      | Reached skill level 3 in Fighting
  3276 | D:3      | Learned a level 2 spell: Scorch
  3281 | D:3      | Learned a level 4 spell: Flame Wave
  3317 | D:3      | Found a broken altar of Ashenzari.
  3889 | D:4      | Found a staircase to the Ecumenical Temple.
  3900 | Temple   | Entered the Ecumenical Temple
  4642 | D:4      | Gained mutation: You are weak. (Str -2) [potion of
                  | mutation]
  4642 | D:4      | Gained mutation: You have very sharp teeth. [potion of
                  | mutation]
  4653 | D:4      | Reached XP level 7. HP: 68/68 MP: 7/13
  4982 | D:4      | Found a bloodstained altar of Trog.
  5113 | D:4      | Reached skill level 4 in Fighting
  5392 | D:4      | Found an ancient bone altar of Kikubaaqudgha.
  5392 | D:4      | Noticed a human
  5395 | D:4      | Killed a human
  5804 | D:5      | Entered Level 5 of the Dungeon
  5804 | D:5      | Found Ushrebba's Weapon Shoppe.
  5828 | D:5      | Noticed Edmund
  6259 | D:5      | Found a shimmering blue altar of Sif Muna.
  6323 | D:5      | Killed Edmund
  6324 | D:5      | Reached skill level 5 in Spellcasting
  6553 | D:5      | Found a runed translucent gate.
  6554 | D:5      | Found a runed translucent gate.
  6554 | D:5      | Noticed ytrimaz's ghost (novice OpTm)
  6555 | D:5      | Found a runed translucent gate.
  6562 | D:5      | Identified the +11 hunting sling of Grandeur {speed, Str+2}
  6899 | D:5      | Found an ornate altar of the Wu Jian Council.
  6930 | D:5      | Reached skill level 5 in Fighting
  7031 | D:5      | Reached XP level 8. HP: 80/80 MP: 8/16
  7112 | D:5      | Reached skill level 5 in Fire Magic
  7233 | D:5      | Noticed a two-headed ogre
  7235 | D:5      | Noticed Blork the orc
  7428 | D:6      | Reached skill level 1 in Armour
  7897 | D:6      | Reached skill level 6 in Fighting
  8243 | D:6      | Reached XP level 9. HP: 68/92 MP: 11/18
  8538 | D:6      | Reached skill level 5 in Conjurations
  8971 | D:6      | Found a sparkling altar of Nemelex Xobeh.
  9188 | D:7      | Reached skill level 7 in Fighting
  9719 | D:7      | Noticed Menkaure
  9728 | D:7      | Killed Menkaure
 10373 | D:7      | Found a shimmering altar of Xom.
 10529 | D:8      | Noticed an ice statue
 10667 | D:8      | Found Cefoed's Distillery.
 10670 | D:8      | Bought a potion of haste for 110 gold pieces
 10670 | D:8      | Bought a potion of magic for 88 gold pieces
 10670 | D:8      | Bought a potion of heal wounds for 55 gold pieces
 10670 | D:8      | Bought a potion of brilliance for 44 gold pieces
 10670 | D:8      | Bought a potion of lignification for 33 gold pieces
 10723 | D:8      | Reached skill level 8 in Fighting
 10807 | D:8      | Reached XP level 10. HP: 99/104 MP: 21/21
 11761 | D:8      | Found a radiant altar of Vehumet.
 12409 | D:9      | Reached skill level 9 in Fighting
 12582 | D:9      | You fall into a shaft and drop 3 floors!
 12591 | D:12     | Learned a level 3 spell: Conjure Flame
 12671 | D:12     | Noticed a green ugly thing
 12680 | D:12     | Killed a green ugly thing
 12750 | D:13     | Noticed a manticore
 12752 | D:13     | HP: 3/107 [slime creature (14)]
 12753 | D:13     | Succumbed to barbed spike wounds

Illustrated notes

Levels and vault maps discovered:
D:1:      ebering_hopf_link, layout_basic, minmay_misc_feat_nine_boxes
D:2:      layout_rooms, basic_altar, shapermc_ecumenical_altar_mp_urbaneastern
D:3:      minmay_bubble_buster, layout_basic, ashenzari_conservatory_becter
D:4:      layout_layer_cave, tgw_kikubaaqudgha, mainiacjoe_overflow_alcove_1,
          temple_fountains
D:5:      kennysheep_slugbush, layout_loops_ring, nzn_wu_jian_council_hall,
          overflow_temple_1_default, serial_shops, nicolae_stop_n_shop_2,
          biasface_ghost_orc_armoury, uniq_edmund, uniq_blork_the_orc
D:6:      layout_basic, lemuel_coloured_pillars_altar
D:7:      layout_rooms, tgw_xom, corexii_hall_statues_i,
          minmay_fractal_squares_5, uniq_menkaure
D:8:      lemuel_ice_statue, layout_loops_corners, mainiacjoe_overflow_alcove_4,
          serial_shops, shop
D:9:      layout_cave_pools, okawaru_metal_pillars_1_2, orc_david_3,
          serial_gnoll_camp, gnoll_camp_medium_01, gnoll_camp_mini_shop,
          gnoll_camp_mini_sergeant, gnoll_camp_mini_hut, gnoll_camp_mini_house,
          gnoll_camp_mini_doghouse
D:12:     layout_basic, gammafunk_ghost_stat_death
D:13:     layout_irregular_city, skrybe_vaults_entry_preservation,
          hangedman_ranch
Temple:   nicolae_temple_hex_pool

Skill      XL: |  1  2  3  4  5  6  7  8  9 10 |
---------------+-------------------------------+-----
Conjurations   | 1 2 3 4 5 6 |  6.6
Fire Magic     | 3 4 5 6 7 |  7.2
Spellcasting   | 3 4 5 6 7 8 |  8.3
Fighting       | 1 2 3 5 6 8 9 |  9.2
Armour         | 2 3 4 |  4.6
Maces & Flails | |  0.1
Dodging        | |  1.7
Stealth        | |  1.4

Action                   |  1- 3 |  4- 6 |  7- 9 | 10-12 || total
-------------------------+-------+-------+-------+-------++-------
Melee: Mace              |    49 |    13 |       |       ||    62
       Dagger            |       |    32 |    71 |    59 ||   162
       Bite              |       |       |     4 |     9 ||    13
 Cast: Foxfire           |    37 |   133 |   239 |    49 ||   458
       Scorch            |       |       |    40 |    22 ||    62
       Flame Wave        |       |       |     2 |     4 ||     6
       Conjure Flame     |       |       |       |     1 ||     1
Evoke: Wand              |       |       |     3 |       ||     3
  Use: Scroll            |       |     1 |       |     2 ||     3
       Potion            |       |     5 |       |       ||     5
 Stab: Sleeping          |       |     1 |       |       ||     1
Armor: Robe              |    16 |    23 |     8 |       ||    47
       Skin              |       |     8 |     7 |       ||    15
       Quicksilver drago |       |       |    39 |    56 ||    95
Dodge: Dodged            |    34 |    30 |    44 |    38 ||   146

Table legend: (Time is in decaauts)
 A = Elapsed time spent in this place.
 B = Non-inter-level travel time spent in this place.
 C = Inter-level travel time spent in this place.
 D = Time resting spent in this place.
 E = Time spent auto-exploring this place.
 F = Levels seen in this place.
 G = Mean time per level.
                   A        B        C        D        E       F      G
               +--------+--------+--------+--------+--------+-----+--------+
         Total |  12786 |  12492 |    294 |   3013 |   7700 |  12 | 1065.5 |
       Dungeon |  12706 |  12417 |    289 |   3013 |   7636 |  11 | 1155.1 |
        Temple |     80 |     75 |      5 |      0 |     64 |   1 |   80.0 |
               +--------+--------+--------+--------+--------+-----+--------+

Top non-repeatable levels by time:
     D:4: 2247 daAuts
     D:6: 1798 daAuts
     D:8: 1724 daAuts
     D:3: 1568 daAuts
     D:7: 1377 daAuts
     D:5: 1367 daAuts
     D:1: 1281 daAuts
     D:2: 829 daAuts
     D:9: 340 daAuts
    D:12: 160 daAuts
  Temple: 80 daAuts
    D:13: 9 daAuts
